Cogmind - Beta 15 @@@ ROGUE MODE // 2025.10.17 @ 00:51:15 Player: Malady Result: Destroyed by Autobeam Turret with Autobeam Performance ------------- Evolutions (0) 0 Regions Visited (3) 600 Robots Destroyed (17) 85 Value Destroyed (364) 364 Prototype IDs (0) 0 Alien Tech Used (0) 0 Bonus (0) 0 TOTAL SCORE: 1049 Bonus ------- None Cogmind --------- Core Integrity 0/250 Matter 272/300 Energy 250/250 System Corruption 0% Temperature Cool (6) Movement Walking (120) Location -10/Subcaves Parts ------- > --- POWER (1) -------- Ion Engine > --- PROPULSION (2) --- Aluminum Leg Myomer Leg > --- UTILITY (2) ------ Medium Storage Unit > --- WEAPON (2) ------- Subdweller Shrapnel Launcher Subdweller Shrapnel Launcher > --- INVENTORY (10) --- Light Nuclear Core Improved Heat Sink Medium Matter Pod (100) Scrap Shield Particle Gun Light Assault Rifle Battle Rifle Heavy Battle Rifle Bore Cannon Peak State ------------ > --- POWER ------------ Ion Engine > --- PROPULSION ------- Aluminum Leg Myomer Leg > --- UTILITY ---------- Medium Storage Unit > --- WEAPON ----------- Subdweller Shrapnel Launcher Subdweller Shrapnel Launcher > --- INVENTORY -------- Light Nuclear Core Improved Heat Sink Medium Matter Pod Scrap Shield Particle Gun Light Assault Rifle Battle Rifle Heavy Battle Rifle [Rating: 16] Favorites ----------- Power Ion Engine Engine Ion Engine Propulsion Aluminum Leg Leg Aluminum Leg Utility Medium Storage Unit Device Subdweller Optics Storage Medium Storage Unit Weapon Subdweller Shrapnel Launcher Energy Gun EM Pulse Gun Ballistic Gun Battle Rifle Launcher Subdweller Shrapnel Launcher Build | -11 -10 -10 -10 ------- Run | Yrd Mat Min Sub Slots Evolved . | . . . . Power . | . . . . Propulsion . | . . . . Utility . | . . . . Weapon . | . . . . Parts Attached 21 | 6 2 4 9 Power 2 | 1 . 1 . Engine 2 | 1 . 1 . Core . | . . . . Reactor . | . . . . Propulsion 5 | 2 . 2 1 Treads . | . . . . Leg 5 | 2 . 2 1 Wheel . | . . . . Hover . | . . . . Flight . | . . . . Utility 6 | 1 1 . 4 Device 3 | . . . 3 Storage 3 | 1 1 . 1 Processor . | . . . . Hackware . | . . . . Protection . | . . . . Artifact . | . . . . Weapon 8 | 2 1 1 4 Energy Gun 1 | 1 . . . Energy Cannon . | . . . . Ballistic Gun 5 | 1 1 1 2 Ballistic Cannon . | . . . . Launcher 2 | . . . 2 Special Weapon . | . . . . Impact Weapon . | . . . . Slashing Weapon . | . . . . Piercing Weapon . | . . . . Special Melee Weapon . | . . . . Unidentified Prototypes . | . . . . Parts Lost 6 | . 1 3 2 Power 1 | . . 1 . Propulsion 3 | . . 2 1 Utility 1 | . . . 1 Weapon 1 | . 1 . . Highest Loss Streak 2 | . 1 2 1 To Critical Strikes . | . . . . Average Backups 6 | 1 4 7 7 Power 1 | . 1 1 1 Propulsion . | . . 1 . Utility 2 | . . 2 2 Weapon 3 | 1 1 3 3 Tool/Special . | . . . . Unused Backups 9 | . . 1 8 Power 1 | . . . 1 Propulsion 1 | . . . 1 Utility 3 | . . . 3 Weapon 4 | . . 1 3 Tool/Special . | . . . . Average Slot Usage (%) 89 | . 85 96 89 Engine 13 | . 14 12 14 Leg 27 | . 28 26 27 Device 3 | . . . 4 Storage 15 | . 14 28 14 Ballistic Gun 16 | . 22 28 14 Launcher 10 | . . . 13 Peak Build Rating 16 | 6 8 8 16 Average Rating 9 | 4 6 7 9 On Entrance 5 | . 6 8 8 Naked Turns . | . . . . Heaviest Build 31 | 13 15 15 31 Greatest Support 35 | 20 20 20 35 Greatest Overweight (x) 3 | . . 1 3 Average Overweight (x) . | . . . . Largest Inventory Capacity 10 | 8 8 8 10 Average Capacity 9 | 7 8 8 9 Most Carried 10 | 5 8 8 10 Average Carried 7 | 1 4 7 8 Final Capacity 10 | 8 8 8 10 Final Carried 10 | 2 8 8 10 Class Distribution -------------------- 75% | Mutant 24% | Scavenger-Mutant Dominant Class ---------------- Mutant | -10/Materials Mutant | -10/Mines Mutant | -10/Subcaves Resources | -11 -10 -10 -10 ----------- Run | Yrd Mat Min Sub Matter Collected 739 | 210 210 125 194 Remotely . | . . . . Salvage Created 435 | . 269 125 41 Parts 32 | . 15 11 6 Haulers Intercepted . | . . . . Recyclers Shooed 1 | . . 1 . Parts Field Recycled . | . . . . Retrieved Matter . | . . . . Parts Self-Destructed 4 | . . . 4 Prevented . | . . . . Kills | -11 -10 -10 -10 ------- Run | Yrd Mat Min Sub Combat Hostiles Destroyed 17 | . 8 5 4 Guns 15 | . 8 5 2 AOE 2 | . . . 2 Classes Destroyed 2 | . 2 . . Swarmer 10 | . 3 3 4 Grunt 7 | . 5 2 . Best Kill Streak 5 | . 5 3 4 Combat Bots Only 5 | . 5 3 4 Max Kills in Single Turn 3 | . 1 2 3 Gunslinging 1 | . . 1 . Exploded 2 | . . . 2 Melee . | . . . . Uniques/NPCs Destroyed . | . . . . Combat | -11 -10 -10 -10 -------- Run | Yrd Mat Min Sub Hostile Shots Fired 122 | . 60 33 29 Missed 35 | . 16 4 15 Hits 87 | . 44 29 14 Projectile 87 | . 44 29 14 AOE 1 | . . . 1 Damage Taken 1053 | . 503 315 235 Core 254 | . 147 59 48 Absorbed by Shields . | . . . . Core Remaining (%) 100 | 100 . . . Volleys Fired 63 | . 41 15 7 Largest 2 | . 2 2 2 Hottest 65 | . 60 40 65 Shots Fired 119 | . 79 30 10 Gun 118 | . 79 30 9 Cannon . | . . . . Launcher 1 | . . . 1 Special . | . . . . Kinetic 107 | . 67 30 10 Thermal . | . . . . Explosive . | . . . . Electromagnetic 12 | . 12 . . Robot Hit Streak 12 | . 12 7 3 Robot Miss Streak 3 | . 3 2 2 Penetration Max . | . . . . Secondary Targets 4 | . 2 2 . Max Gunslinging Chain 1 | . 1 1 . Shots Hit Robots 83 | . 59 19 5 Core Hits 28 | . 15 10 3 Critical Kills . | . . . . Critical Parts Destroyed . | . . . . Critical Strikes . | . . . . Melee Attacks . | . . . . Impact . | . . . . Slashing . | . . . . Piercing . | . . . . Sneak Attacks . | . . . . Combat Hostiles . | . . . . Follow-up Attacks . | . . . . Damage Inflicted 988 | . 649 162 177 Guns 877 | . 649 161 67 Cannons . | . . . . Explosions 110 | . . . 110 Melee . | . . . . Ramming 1 | . . 1 . Kinetic 879 | . 541 161 177 Thermal . | . . . . Explosive . | . . . . Electromagnetic 108 | . 108 . . Impact . | . . . . Slashing . | . . . . Piercing . | . . . . Highest Corruption . | . . . . Average Corruption . | . . . . Corruption Purged . | . . . . Corruption Blocked . | . . . . Overload Shots . | . . . . Overflow Damage 30 | . . . 30 Projectiles . | . . . . Explosions 30 | . . . 30 Melee . | . . . . Knockbacks . | . . . . Impact . | . . . . Kinetic . | . . . . Secondary . | . . . . Self-Inflicted Damage 58 | . . . 58 Shots 1 | . . . 1 Rammed . | . . . . Targets Rammed 2 | . 1 1 . Kicked 2 | . 1 1 . Crushed . | . . . . Highest Temperature 129 | . 129 10 . Average Temperature 44 | . 50 4 . Received Heat Transfer 390 | . 237 111 42 Siege Activations . | . . . . Martial Activations . | . . . . Shielding Activations . | . . . . Robots Disrupted . | . . . . Combat Hostiles . | . . . . Robots Corrupted . | . . . . Combat Hostiles . | . . . . Parts Fried . | . . . . Impact Corruptions . | . . . . Robots Melted . | . . . . Combat Hostiles . | . . . . Parts Melted . | . . . . Heat Transferred . | . . . . Parts Sabotaged . | . . . . Parts Stolen . | . . . . Parts Stripped . | . . . . Power Chain Reactions . | . . . . Alert | -11 -10 -10 -10 ------- Run | Yrd Mat Min Sub Maximum Alert Level . | . . . . Low Security (%) 100 | 100 100 100 . Level 1 . | . . . . Level 2 . | . . . . Level 3 . | . . . . Level 4 . | . . . . Level 5 . | . . . . High Security . | . . . . Max Security . | . . . . Peak Influence 135 | . 135 80 . Initial 30 | . . 30 . Average 47 | . 62 37 . Influence Increases 447 | . 217 120 110 Destroy 0b10 Robot/C 340 | . 160 100 80 Destroy Leader 50 | . 30 20 . Successful Hack 12 | . 12 . . Lose Combat Pursuer 45 | . 15 . 30 Influence Decreases 350 | . 140 187 23 Entered New Map 53 | . . 47 6 Time Decay 243 | . 130 110 3 Lost Part 54 | . 10 30 14 Squads Dispatched 1 | . 1 . . Investigation 1 | . 1 . . Extermination . | . . . . Reinforcement . | . . . . Assault . | . . . . Garrison . | . . . . Intercept . | . . . . Searches Triggered . | . . . . Construction Impeded . | . . . . Haulers Reinforced . | . . . . Active Scanning Responses . | . . . . Cargo Convoy Interrupts . | . . . . Stealth | -11 -10 -10 -10 --------- Run | Yrd Mat Min Sub Distress Signals . | . . . . Communications Jammed . | . . . . Distress Signals . | . . . . Times Spotted 27 | . 9 5 13 Peak Tracking Total 6 | . 5 3 6 Tactical Retreats 2 | . 1 . 1 Traps | -11 -10 -10 -10 ------- Run | Yrd Mat Min Sub Traps Triggered . | . . . . Indirectly . | . . . . Trap Hack Attempts . | . . . . Triggered . | . . . . Disarmed . | . . . . Reprogrammed . | . . . . Reused . | . . . . Traps Extracted . | . . . . Installed . | . . . . Triggered . | . . . . Machines | -11 -10 -10 -10 ---------- Run | Yrd Mat Min Sub Machines Disabled . | . . . . Max in Single Turn . | . . . . Machines Repaired . | . . . . Machines Dismantled . | . . . . Machines Sabotaged . | . . . . Overloaded Fab Kills . | . . . . Hacking | -11 -10 -10 -10 --------- Run | Yrd Mat Min Sub Machines Accessed 2 | . 2 . . Terminals 1 | . 1 . . Fabricators . | . . . . Repair Stations . | . . . . Recycling Units 1 | . 1 . . Scanalyzers . | . . . . Garrison Access . | . . . . Total Hacks 4 | . 4 . . Successful 2 | . 2 . . Failed 2 | . 2 . . Catastrophic 1 | . 1 . . Database Lockouts . | . . . . Manual . | . . . . Terminals 2 | . 2 . . Fabricators . | . . . . Repair Stations . | . . . . Recycling Units 2 | . 2 . . Scanalyzers . | . . . . Garrison Access . | . . . . Terminal Hacks 2 | . 2 . . Record 1 | . 1 . . Alert Level 1 | . 1 . . Fabricator Hacks . | . . . . Repair Station Hacks . | . . . . Recycling Unit Hacks . | . . . . Scanalyzer . | . . . . Garrison Access Hacks . | . . . . Unauthorized Hacks . | . . . . Terminals . | . . . . Fabricators . | . . . . Repair Stations . | . . . . Recycling Units . | . . . . Scanalyzers . | . . . . Garrison Access . | . . . . Data Cores Recovered . | . . . . Used . | . . . . Hacking Detections 2 | . 2 . . Full Trace Events 1 | . 1 . . Feedback Events . | . . . . Feedback Blocked . | . . . . Robot Schematics Acquired . | . . . . Robots Built . | . . . . Authchips . | . . . . Time . | . . . . Total Robot Build Rating . | . . . . Part Schematics Acquired . | . . . . Parts Built . | . . . . Authchips . | . . . . Time . | . . . . Total Part Build Rating . | . . . . Parts Repaired . | . . . . Time . | . . . . Parts Recycled . | . . . . Recycled Matter . | . . . . Retrieved Matter . | . . . . Retrieved Components . | . . . . Parts Scanalyzed . | . . . . Part Schematics Acquired . | . . . . Parts Damaged . | . . . . Bothacking | -11 -10 -10 -10 ------------ Run | Yrd Mat Min Sub Used RIF Installer . | . . . . Robots Hacked . | . . . . Non-combat . | . . . . Combat . | . . . . Robot Hacks Applied . | . . . . Relay Couplers Released . | . . . . Fabnet Peak Effective % . | . . . . Robots Rewired . | . . . . Allies Hacked . | . . . . Hacks Repelled . | . . . . Allies | -11 -10 -10 -10 -------- Run | Yrd Mat Min Sub Total Allies . | . . . . Largest Group . | . . . . Highest-Rated Group . | . . . . Highest-Rated Ally . | . . . . Total Orders . | . . . . Ally Attacks . | . . . . Total Damage . | . . . . Kills . | . . . . Allies Corrupted . | . . . . Allies Melted . | . . . . Intel | -11 -10 -10 -10 ------- Run | Yrd Mat Min Sub Active Infowar (turns) 525 | . . . 525 Optics 525 | . . . 525 Robot Analysis Total . | . . . . Derelict Logs Recovered . | . . . . Drone Launches . | . . . . Drone Recoveries . | . . . . Exploration | -11 -10 -10 -10 ------------- Run | Yrd Mat Min Sub Turns Passed 2399 | 49 326 234 1790 Spaces Moved 1303 | 36 151 147 969 Core 11 | 11 . . . Treads . | . . . . Legs 1292 | 25 151 147 969 Wheels . | . . . . Hover . | . . . . Flight . | . . . . Fastest Speed 50 | 50 120 120 120 Average Speed 164 | 98 120 122 180 Slowest Speed 330 | 120 120 190 330 Overloaded Moves . | . . . . Propulsion Burnouts . | . . . . Robots Hopped . | . . . . Potential Cave-ins . | . . . . Cave-ins Triggered . | . . . . Exploration Rate (%) 22 | 3 26 35 24 Regions Visited 3 Branch Regions 2 Pre-discovered Areas . | . . . . Known Exits Taken . | . . . . Unknown Exits Taken 3 | 1 1 1 . Scrap Searched . | . . . . Spaces Dug . | . . . . Terrain Destroyed 18 | . . . 18 Melee . | . . . . Projectile . | . . . . AOE 18 | . . . 18 Terrain Rammed . | . . . . Walls Destroyed . | . . . . Machines Disabled . | . . . . Actions | -11 -10 -10 -10 --------- Run | Yrd Mat Min Sub Total 1452 | 49 221 176 1006 Wait 22 | . 17 1 4 Move 1300 | 35 150 146 969 Hop . | . . . . Pick Up 26 | 8 7 4 7 Fast Attach 4 | . 2 1 1 Attach 12 | 6 1 2 3 Detach 2 | . . . 2 Swap 8 | . 1 2 5 Drop 13 | . 1 4 8 Fire 63 | . 41 15 7 Melee . | . . . . Ram . | . . . . Kick 2 | . 1 1 . Crush . | . . . . Escape Stasis . | . . . . Rewire . | . . . . Trap . | . . . . Miscellaneous . | . . . . Route ------- -11/Scrapyard -10/Materials -10/Mines -10/Subcaves (discovered 1 exit: [*Rec]) History --------- Turn | Location | Event 9 | -11/Scrapyard | Discovered new exit (range 15) 50 | -11/Scrapyard | Entered Materials 234 | -10/Materials | Core integrity fell below 50% 315 | -10/Materials | Build established: Mutant 349 | -10/Materials | Discovered new exit (range 5) 376 | -10/Materials | Entered Mines 459 | -10/Mines | A weapon hastily lodged in a ceiling crevice suddenly fell to the ground 551 | -10/Mines | Core integrity fell below 20% 588 | -10/Mines | Discovered new exit (range 8) 610 | -10/Mines | Entered Subcaves 1085 | -10/Subcaves | A swath of the cavern ceiling suddenly collapsed 1096 | -10/Subcaves | Build established: Scavenger-Mutant 1255 | -10/Subcaves | A swath of the cavern ceiling suddenly collapsed 1255 | -10/Subcaves | Shifting Twisted Machinery released Sub. Monowheel 1667 | -10/Subcaves | Build established: Mutant 2373 | -10/Subcaves | Discovered new exit (range 15) 2400 | -10/Subcaves | Destroyed by Autobeam Turret with Autobeam Last Messages --------------- Sub. Optics shoots sparks and powers down. Dropped Broken Sub. Optics. Acquired Sub. Shrapnel Launcher. EXIT=FOUND RR-9K7(h) suffers critical hit (Destroy). RR-9K7(h) destroyed. S-10 Pest destroyed. Aluminum Leg destroyed. Flight Unit fries itself beyond repair. S-10 Pest destroyed. Destroyed Lgt. Ion Engine. S-10 Pest destroyed. Destroyed Lgt. Ion Engine. S-10 Pest destroyed. Lgt. Assault Rifle fries itself beyond repair. Acquired Myomer Leg. Acquired 19 matter. Flight Unit fries itself beyond repair. Acquired Bore Cannon. Map ----- +----------------------------------------------------+ | ?????????????????????????????????????????????????? | | ?????????????????????????????????????????????????? | | ?????????????????????????????????????????????????? | | ?????????????????????????????????????????????????? | | ?????????????????????????????????????????????????? | | ?????????????????????????????????????????????????? | | ?????????????????????????????????????????????????? | | ?????????????????????????????????????????????????? | | ?????????????????????????????????????????????????? | | ?????????????????????????????????????????????????? | | ?????????????????????????????????????????????????? | | ?????????????????????????????????????????????????? | | ?????????????????????????????????????????????????? | | ?????????????????????????????????????????????????? | | ##???????????????????????????????????????????????? | | #???????????????????????????????????????????????? | | ##???????????????????????????????????????????????? | | #????????????????????????????????????????????????? | | ##???????????????????????????????????????????????? | | #???????????????????????????????????????????????? | | #####????????????????????????????????????????????? | | ##"#????#???????????????????????????????????????? | | ## ### ##?????????########?????????????????????? | | " " # #??##?####;;;;;;#######???????????????? | | #"#""##???# ## #;; ; ##??????????????? | | "##"##"#?##???# @ #??????????????? | | "###"#?"?#"#### %% #??????????????? | | #"""#"##"###""## # ; ; ## ????????? | | ### #"#?#""" " " ###;;;; ;#?? ?????????? | | ??##"####"##"#"# ##?##### ;#????? ##?????????? | | ???#"="" ""#######??????# ;#????????#??????????? | | ???#"""#####????????????# ##???????????????????? | | ???##""##"#?????????????# #????????????????????? | | ????##"""##?????????????# #????????????????????? | | ?????###"#?????????????? ????????????????????? | | ??????#"##?????????????? ???????????????????? | | ??????#""#?????????????? ???????????????????? | | ##????##"#?###?????????? t t "??????????????????? | | #?????##### ##????????? " " "??????????????????? | | ###???????# ###???????"" """"??????????????????? | | #???????# ##??????#?